 Dungeon Crawl Stone Soup version 0.30.0-29-ga12c61a403 (webtiles) character file.

Game seed: 5006782061261121306

5500 Labrat the Destroyer (level 11, -12/84 HPs)
             Began as a Human Conjurer on June 19, 2023.
             Was a Believer of Vehumet.
             Engulfed by a cloud of flame (25 damage)
             ... in a bailey.
             The game lasted 00:27:48 (8664 turns).

Labrat the Destroyer (Human Conjurer)               Turns: 8664, Time: 00:27:49

Health: -12/84     AC:  6    Str:  7    XL:     11   Next: 1%
Magic:  11/23      EV: 13    Int: 22    God:    Vehumet [**....]
Gold:   289        SH:  0    Dex: 18    Spells: 19/26 levels left

rFire   . . .        n - +9 long sword of Courage {freeze, Dex+5}
rCold   . . .        (no shield)
rNeg    . . .        a - +0 robe
rPois   .            c - +0 helmet
rElec   .            l - +0 cloak
rCorr   .            s - +0 pair of gloves
SInv    .            (no boots)
Will    .....        (no amulet)
Stlth   ++           (no ring)
HPRegen 0.34/turn    (no ring)
MPRegen 0.18/turn

%: no passive effects
@: no status effects
A: no striking features
a: Renounce Religion


You were in a bailey.
You worshipped Vehumet.
Vehumet was pleased with you.
You visited 2 branches of the dungeon, and saw 8 of its levels.
You also visited: Bailey.

You collected 394 gold pieces.
You spent 105 gold pieces at shops.

Inventory:

Hand Weapons
 n - the +9 long sword of Courage (weapon) {freeze, Dex+5}
   (You found it on level 3 of the Dungeon)

   Dex:       It affects your dexterity (+5).
Missiles
 e - 5 poisoned darts
Armour
 a - a +0 robe (worn)
 c - a +0 helmet (worn)
 l - a +0 cloak (worn)
 o - a +0 buckler
 s - a +0 pair of gloves (worn)
Wands
 u - a wand of flame (39)
 y - a wand of light (13)
Scrolls
 h - a scroll of immolation
 i - 3 scrolls of amnesia
 p - a scroll of magic mapping
 q - 5 scrolls of teleportation
 t - a scroll of enchant weapon {unknown}
 v - a scroll of blinking
 z - a scroll of poison {unknown}
Potions
 b - 2 potions of magic
 d - 3 potions of mutation
 f - 2 potions of resistance {unknown}
 g - 4 potions of flight
 j - 2 potions of curing {unknown}
 m - a potion of brilliance {unknown}
 r - 2 potions of attraction {unknown}
 w - a potion of haste {unknown}
 x - a potion of cancellation {unknown}
 B - a potion of might {unknown}


   Skills:
 - Level 7.5 Fighting
 - Level 7.5 Armour
 - Level 3.0 Dodging
 - Level 2.0 Stealth
 - Level 7.4 Shields
 + Level 8.0 Spellcasting
 - Level 8.0 Conjurations


You had 19 spell levels left.
You knew the following spells:

 Your Spells              Type           Power      Damage    Failure   Level
a - Magic Dart            Conj           100%       1d8       1%          1
b - Searing Ray           Conj           88%        2d7       1%          2
c - Iskenderun's Mystic   Conj/Tloc      26%        2d7       14%         4

Your spell library contained the following spells:

 Spells                   Type           Power      Damage    Failure   Level
 Shock                    Conj/Air       100%       1d9       1%          1
 Kiss of Death            Conj/Necr      100%       2d13      1%          1
 Dazzling Flash           Conj/Hex       52%        N/A       4%          3
 Hailstorm                Conj/Ice       26%        3d7       4%          3
 Freeze                   Ice            32%        1d5       8%          1
 Summon Small Mammal      Summ           32%        N/A       8%          1
 Fulminant Prism          Conj/Hex       13%        3d9       14%         4
 Call Canine Familiar     Summ           8%         N/A       22%         3
 Confusing Touch          Hex            8%         N/A       22%         3
 Frozen Ramparts          Ice            16%        1d3       22%         3
 Gell's Gravitas          Tloc           8%         N/A       22%         3
 Summon Guardian Golem    Hex/Summ       8%         N/A       22%         3
 Teleport Other           Tloc           8%         N/A       22%         3
 Dispel Undead            Necr           8%         3d8       58%         4
 Orb of Destruction       Conj           22%        9d8       93%         7
 Dispersal                Tloc           4%         N/A       100%        6
 Spellforged Servitor     Conj/Summ      13%        N/A       100%        7


Dungeon Overview and Level Annotations

Branches:
Dungeon (7/15)             Temple (1/1) D:4          Bailey (1/1)

Altars:
Dithmenos
Elyvilon
Hepliaklqana
Sif Muna
Trog
Uskayaw
Vehumet
Wu Jian
Yredelemnul

Shops:
D:4 :*:!?

Annotations:
D:5 exclusion: water moccasin


Message History

The orc warrior attacks as you move away!
The orc warrior hits you with a +0 broad axe!!
Casting: Searing Ray (safe; 1% risk of failure)
Confirm with . or Enter, or press ? or * to list all spells.
You erupt in a blast of force!
The mystic blast hits the orc warrior.
The orc warrior is heavily wounded.
The orc warrior is knocked back by the mystic blast.
Unknown command.
Items here: )) [[.
Casting: Iskenderun's Mystic Blast (dangerous; 14% risk of failure)
Confirm with . or Enter, or press ? or * to list all spells.
Okay, then.
There is an open door here.
Items here: ))) [[[ ÷.
Items here: )))) [[[[.
Really read the scroll of immolation?
As you read the scroll of immolation, it crumbles to dust.
The creatures around you are filled with an inner flame!
Aiming: Bolt of Light
Press: ? - help, Shift-Dir - straight line, f/p - orc warrior
Aim: an orc warrior, wielding a +0 broad axe and wearing a +0 chain mail (heavily wounded, inner flame, strong, 68% to hit)
The bolt of light misses the orc warrior.
The bolt of light misses the orc warlord.
Unknown command.
Unknown command.
Casting: Iskenderun's Mystic Blast (dangerous; 14% risk of failure)
Confirm with . or Enter, or press ? or * to list all spells.
You erupt in a blast of force!
The mystic blast hits the orc warlord but does no damage.
The mystic blast hits the orc warrior!
Vehumet accepts your kill.
You feel your power returning.
The orc warrior explodes!
The fiery explosion engulfs the orc warlord!!
Flame seeps out of the orc warlord.
The orc warlord is moderately wounded.
The fiery explosion engulfs you!!!
* * * LOW HITPOINT WARNING * * *
You are engulfed in blazing flames.
You die...

#.......# #...o...# ##.......##
##.......## #......)..#
#.........# ##.......).##
##.).......##
#.....⌠.....#######.....⌠.....#
##.....o)..##.....##.........##
#.........#.......#.........#
##.......##.§§...)##[......##
#.......')o)@..))[')......#
##.....##.§§§.)...##.....##
#######..)..⌠.....#######
##....)....## #.........#
##.......## #.......# ##.....##
♣♣##'''##♣♣


You could see an orc warlord (inner flame).

Vanquished Creatures
  A steam dragon (D:6)
  3 black bears
  2 ogres
  15 orc warriors
  2 scorpions (D:6)
  2 gnoll sergeants
  2 hounds (D:4)
  Crazy Yiuf (D:2)
  An orc priest (D:6)
  2 sleepcaps
  3 iguanas
  2 orc wizards (D:4)
  15 gnolls
  6 adders
  2 shadow imps
  An ufetubus (D:6)
  3 worms
  A dart slug (D:1)
  20 orcs
  5 endoplasms
  2 giant cockroaches
  19 goblins
  13 hobgoblins
  3 jackals (D:1)
  8 kobolds
  A quokka (D:3)
  8 ball pythons
  6 bats
  4 frilled lizards (D:1)
  9 rats
162 creatures vanquished.

Notes
Turn   | Place    | Note
-------+----------+-------------------------------------------
     0 | D:1      | Labrat the Human Conjurer began the quest for the Orb.
     0 | D:1      | Reached XP level 1. HP: 13/13 MP: 3/3
   171 | D:1      | Reached XP level 2. HP: 19/19 MP: 1/5
   585 | D:1      | Reached XP level 3. HP: 24/24 MP: 3/6
  1585 | D:2      | Reached XP level 4. HP: 28/30 MP: 1/8
  1588 | D:2      | Learned a level 2 spell: Searing Ray
  1893 | D:2      | Found a runed translucent door.
  1894 | D:2      | Noticed Crazy Yiuf
  2986 | D:3      | Reached skill level 5 in Conjurations
  3045 | D:3      | Identified the +9 long sword of Courage {freeze, Dex+5}
  3100 | D:3      | Noticed an ogre
  3472 | D:3      | Reached XP level 5. HP: 35/35 MP: 6/10
  3647 | D:4      | Found Havol's Book Boutique.
  3647 | D:4      | Found Yreebrez's Book Shoppe.
  3693 | D:4      | Found Vaistroch's Assorted Antiques.
  4185 | D:4      | Reached XP level 6. HP: 27/41 MP: 3/11
  4296 | D:4      | Found Ycri's Distillery.
  4413 | D:4      | Found Dinug's Magic Scroll Emporium.
  4421 | D:4      | Bought a scroll of blinking for 75 gold pieces
  4421 | D:4      | Bought a scroll of teleportation for 30 gold pieces
  4439 | D:4      | Found a staircase to the Ecumenical Temple.
  4500 | D:4      | Noticed a black bear
  4553 | Temple   | Entered the Ecumenical Temple
  4661 | Temple   | Became a worshipper of Vehumet
  4789 | D:4      | Reached XP level 7. HP: 19/46 MP: 0/13
  4939 | D:4      | Reached skill level 5 in Spellcasting
  5134 | D:2      | Killed Crazy Yiuf
  5350 | D:5      | Entered Level 5 of the Dungeon
  5626 | D:5      | Noticed a water moccasin
  5650 | D:5      | Reached XP level 8. HP: 52/52 MP: 12/16
  7323 | D:6      | Reached XP level 9. HP: 41/57 MP: 9/20
  7324 | D:6      | Reached * piety under Vehumet
  7324 | D:6      | Offered knowledge of Sandblast by Vehumet.
  7564 | D:7      | Found a flagged portal.
  7570 | Bailey   | Entered a bailey
  7591 | Bailey   | Learned a level 4 spell: Iskenderun's Mystic Blast
  7754 | Bailey   | Reached skill level 1 in Fighting
  7754 | Bailey   | Reached skill level 1 in Armour
  7754 | Bailey   | Reached skill level 1 in Shields
  8119 | Bailey   | Reached ** piety under Vehumet
  8119 | Bailey   | Offered knowledge of Shock by Vehumet.
  8371 | Bailey   | Noticed an orc warlord
  8536 | Bailey   | Reached XP level 10. HP: 43/70 MP: 14/22
  8537 | Bailey   | Reached XP level 11. HP: 52/84 MP: 14/23
  8664 | Bailey   | Engulfed by a cloud of flame

Illustrated notes

Levels and vault maps discovered:
D:1:      minmay_arrival_shattered_statue, layout_loops_ring
D:2:      layout_basic, kennysheep_nondescript, minmay_misc_feat_ornament,
          uniq_crazy_yiuf_cottage
D:3:      layout_loops_ring, nrook_mini_vaults
D:4:      layout_gridville, temple_hall, serial_shops,
          nicolae_shop_industrial_runoff, shop, shop, shop, nicolae_diamond_shop
D:5:      layout_gridville
D:6:      layout_basic, kennysheep_generic_room_6
D:7:      layout_basic, okawaru_ov_weapons_minmay, zin_treasury, enter_bailey_2,
          grunt_decor_clamped
Temple:   mainiacjoe_temple_cubbyholes
Bailey:   bailey_axe_minmay_hex_keep, bailey

Skill      XL: |  1  2  3  4  5  6  7  8  9 10 |
---------------+-------------------------------+-----
Spellcasting   | 3 4 5 7 8 |  8.0
Conjurations   | 5 6 7 8 |  8.0
Fighting       | 3 7 |  7.5
Armour         | 3 7 |  7.5
Shields        | 3 7 |  7.4
Dodging        | 3 |  3.0
Stealth        | |  2.0

Action                     |  1- 3 |  4- 6 |  7- 9 | 10-12 || total
---------------------------+-------+-------+-------+-------++-------
  Melee: Long sword        |       |    12 |    52 |       ||    64
   Cast: Magic Dart        |    69 |    80 |   126 |       ||   275
         Searing Ray       |       |     7 |    29 |     1 ||    37
         Iskenderun's Myst |       |       |     6 |     3 ||     9
  Evoke: Wand              |       |       |     1 |     1 ||     2
    Use: Scroll            |       |       |     6 |     1 ||     7
         Potion            |       |       |       |     1 ||     1
 Armour: Robe              |     3 |     6 |    11 |       ||    20
  Dodge: Dodged            |     1 |    13 |    55 |       ||    69
  Block: Buckler           |       |     3 |     7 |       ||    10
